 Seeded DCSS version 0.29-a0-553-g81b289dbe5 (webtiles) character file.

Game seed: 5197682552777129174 (custom seed)

134 happo123 the Sneak (level 5, 0/29 HPs)
             Began as a Kobold Enchanter on June 6, 2022.
             Slain by an orc
             ... wielding a +0 trident
              (3 damage)
             ... on level 3 of the Dungeon.
             The game lasted 00:07:32 (2432 turns).

happo123 the Sneak (Kobold Enchanter)               Turns: 2432, Time: 00:07:33

Health: 0/29       AC:  3    Str:  5    XL:     5   Next: 40%
Magic:  1/9        EV: 16    Int: 18    God:
Gold:   139        SH:  0    Dex: 22    Spells: 4/9 levels left

rFire   . . .      SeeInvis .   a - +1 dagger
rCold   . . .      Faith    .   g - orb {guile}
rNeg    . . .      Spirit   .   b - +0 robe
rPois   .          Reflect  .   (no helmet)
rElec   .          Harm     .   (no cloak)
rCorr   .          Rampage  .   m - +0 pair of gloves
Will    .....                   (no boots)
Stlth   ++++......              h - amulet of magic regeneration
HPRegen 0.09/turn               l - ring of flight
MPRegen 0.51/turn               q - +6 ring of dexterity

@: lethally poisoned (0 -> -5), flying
A: small, no large weapons, nightstalker 3
a: no special abilities


You were on level 3 of the Dungeon.
You visited 1 branch of the dungeon, and saw 4 of its levels.

You collected 139 gold pieces.

Inventory:

Hand Weapons
 a - a +1 dagger (weapon)
Armour
 b - a +0 robe (worn)
 g - an orb of guile (worn)
 m - a +0 pair of gloves (worn)
Jewellery
 h - an amulet of magic regeneration (around neck)
 l - a ring of flight (left hand)
 q - a +6 ring of dexterity (right hand)
Scrolls
 d - 2 scrolls of teleportation {unknown}
 f - 6 scrolls of identify {unknown}
 j - a scroll of enchant weapon {unknown}
 n - a scroll of blinking {unknown}
 p - a scroll of noise {unknown}
 s - a scroll of fear {unknown}
 t - a scroll of fog {unknown}
 u - 2 scrolls of enchant armour {unknown}
 v - a scroll of vulnerability {unknown}
Potions
 c - 3 potions of invisibility
 e - a potion of flight {unknown}
 i - a potion of resistance {unknown}
 k - 2 potions of heal wounds {unknown}
 o - 2 potions of lignification {unknown}
 r - a potion of haste {unknown}


   Skills:
 + Level 1.5 Fighting
 + Level 2.6 Short Blades
 + Level 3.1 Dodging
 + Level 4.7 Stealth
 + Level 2.8 Spellcasting
 * Level 4.0 Hexes


You had 4 spell levels left.
You knew the following spells:

 Your Spells              Type           Power      Damage    Failure   Level
a - Ensorcelled Hibernat  Hex/Ice        18%        N/A       11%         2
b - Confusing Touch       Hex            17%        N/A       10%         3

Your spell library contained the following spells:

 Spells                   Type           Power      Damage    Failure   Level
 Tukima's Dance           Hex            17%        N/A       10%         3
 Dazzling Flash           Conj/Hex       18%        N/A       22%         3


Dungeon Overview and Level Annotations

Branches:
Dungeon (4/15)
 Temple: D:4-7

Altars:
Vehumet
Yredelemnul

Shops:
D:2 =


Innate Abilities, Weirdness & Mutations

You are small and have problems with some larger weapons.
You are completely attuned to the shadows.


Message History

A goblin comes into view. It is wielding a +1 dagger of venom.
The helpless orc fails to defend itself.
You spit the orc like a pig!!!
You kill the orc!
The goblin shouts!
The orc misses you. The goblin barely misses you.
Robin hits you but does no damage.
Your Hexes skill increases to level 4!
Aiming: Ensorcelled Hibernation (safe; 11% risk of failure)
Press: ? - help, Q - select action Shift-Dir - straight line, f - Robin
Aim: Robin, wielding a +0 short sword, wearing a +0 animal skin and wearing a +0 helmet (chance to affect: 61%) Robin looks drowsy...
The orc hits you from afar with a +0 trident.
The goblin completely misses you.
The helpless Robin fails to defend themself.
You impale Robin!!
You kill Robin!
The orc barely misses you. The goblin hits you with a +0 dagger.
Aiming: Ensorcelled Hibernation (safe; 11% risk of failure)
Press: ? - help, Q - select action Shift-Dir - straight line, f - goblin
Aim: a goblin, wielding a +1 dagger of venom and wearing a +0 robe (chance to affect: 61%)
The goblin resists with significant effort.
A hobgoblin comes into view.
The orc hits you but does no damage. The goblin closely misses you.
You don't have enough magic to cast this spell.
You don't have enough magic to cast this spell.
You completely miss the goblin. The orc barely misses you.
The goblin misses you. The goblin hits you but does no damage.
You are poisoned.
* * * LOW HITPOINT WARNING * * *
You feel sick. The orc misses you. The goblin hits you with a +0 dagger.
* * * LOW HITPOINT WARNING * * *
Aiming: Ensorcelled Hibernation (safe; 11% risk of failure)
Press: ? - help, Q - select action Shift-Dir - straight line, f/p - goblin
Aim: a goblin, wielding a +1 dagger of venom and wearing a +0 robe (chance to affect: 61%)
The goblin looks drowsy...
* * * LOW HITPOINT WARNING * * *
You feel sick.
The orc hits you from afar with a +0 trident.
You die...

........#
..#...#..#
#...#....#
.._...#..#
#...#....#
...#...#..#
....g.)....#
..#o#.#....#
...gg@......
#..).g..##..
######### .


You could see an orc, a hobgoblin and 3 goblins.

Vanquished Creatures
  A scorpion zombie (D:3)
  Robin (D:3)
  5 adders
  3 worms
  A dart slug (D:2)
  3 orcs (D:3)
  2 endoplasms
  A giant cockroach (D:1)
  6 goblins
  3 hobgoblins
  4 jackals (D:3)
  4 kobolds
  2 quokkas
  A ball python zombie (D:3)
  3 frilled lizards
  A quokka zombie (D:3)
  3 rats
44 creatures vanquished.

Notes
Turn   | Place    | Note
-------+----------+-------------------------------------------
     0 | D:1      | happo123 the Kobold Enchanter began the quest for the Orb.
     0 | D:1      | Reached XP level 1. HP: 10/10 MP: 3/3
   465 | D:1      | Reached XP level 2. HP: 15/15 MP: 5/5
   468 | D:1      | Learned a level 2 spell: Ensorcelled Hibernation
   839 | D:2      | Reached XP level 3. HP: 20/20 MP: 6/6
   843 | D:2      | Learned a level 3 spell: Confusing Touch
   867 | D:2      | Found Joajunuw's Jewellery Shoppe.
  1440 | D:2      | You fall into a shaft and drop 2 floors!
  1465 | D:4      | Reached skill level 1 in Fighting
  1515 | D:4      | Reached XP level 4. HP: 11/25 MP: 4/7
  1750 | D:3      | Found a faded altar of an unknown god.
  2002 | D:3      | Found a basalt altar of Yredelemnul.
  2057 | D:3      | Reached XP level 5. HP: 29/29 MP: 9/9
  2405 | D:3      | Found a radiant altar of Vehumet.
  2420 | D:3      | Noticed Robin
  2428 | D:3      | Killed Robin
  2432 | D:3      | Slain by an orc

Illustrated notes

Levels and vault maps discovered:
D:1:      dpeg_arrival_oval, layout_basic, chequers_serial_rivers_micro_c
D:2:      layout_basic, serial_shops,
          nicolae_shop_temple_entry_statues_fountains
D:3:      layout_basic, nicolae_vehumet_radiance,
          nicolae_yredelemnul_corpse_copse, ebering_ghost_reflecting_pool,
          dreamdust_ecumenical_altar_angels_and_demons,
          minmay_stone_trees_medium, uniq_robin
D:4:      layout_gridville, uniq_duvessa, uniq_ijyb

Skill      XL: |  1  2  3  4  5 |
---------------+----------------+-----
Short Blades   | 2 |  2.6
Fighting       | 1 |  1.5
Dodging        | 3 |  3.1
Hexes          | 4 |  4.0
Stealth        | |  4.7
Spellcasting   | |  2.8

Action                   |  1- 3 |  4- 6 || total
-------------------------+-------+-------++-------
Melee: Dagger            |    41 |    65 ||   106
 Cast: Ensorcelled Hiber |     9 |    28 ||    37
       Confusing Touch   |       |     2 ||     2
 Stab: Sleeping          |    13 |    17 ||    30
       Distracted        |     1 |       ||     1
       Confused          |       |     1 ||     1
Armor: Robe              |     5 |     9 ||    14
Dodge: Dodged            |    22 |    46 ||    68

Table legend: (Time is in decaauts)
 A = Elapsed time spent in this place.
 B = Non-inter-level travel time spent in this place.
 C = Inter-level travel time spent in this place.
 D = Time resting spent in this place.
 E = Time spent auto-exploring this place.
 F = Levels seen in this place.
 G = Mean time per level.
                   A        B        C        D        E       F      G
               +--------+--------+--------+--------+--------+-----+--------+
         Total |   2419 |   2123 |    296 |    181 |   1566 |   4 |  604.8 |
       Dungeon |   2419 |   2123 |    296 |    181 |   1566 |   4 |  604.8 |
               +--------+--------+--------+--------+--------+-----+--------+

Top non-repeatable levels by time:
     D:2: 989 daAuts
     D:1: 650 daAuts
     D:3: 503 daAuts
     D:4: 276 daAuts
